[Event "US Masters 2022"]
[Site "Charlotte"]
[Date "2022.11.27"]
[Round "8.4"]
[White "Oparin, Grigoriy"]
[Black "Beradze, Irakli"]
[Result "1-0"]
[ECO "D46"]
[WhiteElo "2683"]
[BlackElo "2494"]
[Annotator "TA"]
[PlyCount "83"]
[EventDate "2022.11.23"]
[EventType "swiss"]
[EventCountry "USA"]
[SourceTitle "playchess.com"]
[Source "ChessBase"]
[SourceQuality "1"]
[TimeControl "5400+30"]

1. d4 d5 2. c4 c6 3. Nf3 Nf6 4. Nc3 e6 5. e3 Nbd7 6. Bd3 Bd6 7. e4 dxe4 8. Nxe4 Nxe4 9. Bxe4 Bb4+ 10. Bd2 Bxd2+ 11. Qxd2 c5 {[%emt 0:00:42] D46: Semi-Slav: 5 e3 Nbd7 6 Bd3, Black avoids the Meran.} (11... O-O $14) 12. O-O-O $16 cxd4 13. Qxd4 O-O {[%emt 0:01:53] [#] White is better.} 14. h4 $146 ({Predecessor:} 14. Kb1 Qc7 15. Bc2 Re8 16. Ba4 Re7 17. Rhe1 Nf8 18. Qd6 f6 19. c5 e5 20. Nd4 Ng6 21. Bb3+ {1-0 (35) Malaniuk,V (2513)-Krysztofiak,M (2410) Krakow 2004}) 14... Qc7 15. Bc2 e5 16. Qc3 Re8 17. Rhe1 $36 {[%emt 0:11:31][%mdl 2048] White is on the roll.} f6 18. Nd4 {[%emt 0:01:37][%cal Bf3d4,Bd4b5,Bb5d6][%mdl 32] Strongly threatening Nb5.} (18. Qd3 Nf8 $11) 18... Nf8 (18... a6 $142) 19. Nb5 Qc5 20. f4 Bg4 21. Rd5 Qf2 22. fxe5 Rxe5 (22... Re7 $142) 23. Rdxe5 fxe5 24. Nd6 Nd7 25. Be4 {[%emt 0:00:00] Against b6} ({Better is} 25. Nxb7 {aiming for c5.} Be6 26. Kb1) 25... Rf8 {[%emt 0:01:05] Inhibits c5.} 26. Bd5+ (26. Bxb7 Be6) 26... Kh8 27. Qe3 {[%emt 0:00:00] Threatens to win with Qxf2. Active counter play!} (27. Qd2 $5 Qf6 28. Bxb7 $14) 27... Qf6 28. c5 (28. Ne4 $5 Qa6 29. a3 $14) 28... Be6 {[%emt 0:01:32] [#]} (28... b6 $11) 29. Ne4 $1 $18 ({Don't do} 29. Bxb7 $6 Qxh4 30. Ne4 Bxa2 $14) 29... Qe7 30. Bxb7 {[%emt 0:00:00] Black must now prevent c6.} Nf6 31. Nxf6 gxf6 32. c6 Bd5 (32... Rd8 $16) 33. Re2 (33. Qxa7 $2 Bxc6 34. Qa3 Qxa3 35. bxa3 Bxb7 $19) 33... Qb4 34. b3 {[%emt 0:00:00] Inhibits Qc4+.} ({Weaker is} 34. Qxa7 Qc4+ 35. Kd2 Qb4+ 36. Kc1 Qc4+ 37. Kd2 Qb4+ 38. Kc1 $17) 34... Rg8 35. Kb2 (35. Qxa7 Qc3+ 36. Rc2 Qa1+ 37. Kd2 Rxg2+ 38. Kd3 e4+ 39. Ke3 Qg1+ 40. Kf4 Qh2+ 41. Ke3 Rxc2) 35... Bxg2 $2 (35... a5 36. Qc3 Qb6) 36. Qxa7 {[%emt 0:00:00] White is clearly winning.} Qxh4 37. Qc5 Bh1 38. Ba6 {[%emt 0:00:00] c7 is the strong threat.} Bf3 {[%emt 0:00:20] [#] Against c7} 39. c7 $1 {[%emt 0:00:00] And now Rd2 would win.} Bxe2 40. c8=Q {[%emt 0:08:00][%mdl 64] Zwischenzug} (40. c8=R Bxa6 41. Rc7 Rg2+ 42. Ka3 Qf2 43. Qf8+ Rg8 $19) 40... Qh2 41. Bxe2 {[%emt 0:00:00] White wants to mate with Qa6.} Qxe2+ 42. Qc2 {[%emt 0:00:00] Weighted Error Value: White=0.12 (very precise) /Black=0.42} 1-0

[Event "US Masters 2022"]
[Site "Charlotte"]
[Date "2022.11.27"]
[Round "8.5"]
[White "Balakrishnan, Praveen"]
[Black "Negi, Parimarjan"]
[Result "1-0"]
[ECO "C96"]
[WhiteElo "2510"]
[BlackElo "2639"]
[Annotator "TA"]
[PlyCount "55"]
[EventDate "2022.11.23"]
[EventType "swiss"]
[EventCountry "USA"]
[SourceTitle "playchess.com"]
[Source "ChessBase"]
[SourceQuality "1"]
[TimeControl "5400+30"]

1. e4 e5 2. Nf3 Nc6 3. Bb5 a6 4. Ba4 Nf6 5. O-O Be7 6. Re1 b5 7. Bb3 d6 8. c3 O-O 9. h3 Na5 10. Bc2 c5 11. d4 Qc7 12. b3 cxd4 13. cxd4 Nc6 14. Bb2 {[%emt 0:11:26] C96: Closed Ruy Lopez: Chigorin Defence: 11 d4, replies other than 11...Qc7.} Nb4 15. Na3 {[%emt 0:10:51][%cal Rd4e5] [#]} Bb7 $146 ({Predecessor:} 15... Nxc2 16. Nxc2 Bb7 17. d5 a5 18. Rc1 Qd7 19. Nd2 g6 20. Ne3 Nh5 21. Qg4 Qd8 {0-1 (47) Piculjan,N (2417)-Selyanchin,N (2479) ICCF email 2005}) 16. Bb1 {[%emt 0:13:15] The position is equal.} d5 17. dxe5 Nxe4 18. Nc2 Nc3 $2 {[%emt 0:15:07] [#]} (18... Nxc2 $11 19. Qxc2 Rfc8 20. Qxc7 Rxc7) 19. Qd4 (19. Bxc3 $1 $16 Qxc3 20. Ncd4) 19... Nxc2 $14 20. Bxc2 b4 21. Rac1 Rac8 (21... g6 $11 {and Black has nothing to worry.}) 22. Bf5 $40 {[%emt 0:02:27][%mdl 128] White is out for blood.} ({Worse is} 22. Qd3 g6 $11) 22... g6 $2 {[%emt 0:06:22][%mdl 8192] This costs Black the game.} (22... Bc5 $16 {keeps fighting.} 23. Qg4 (23. Qh4 h6 $16) 23... h6) 23. Bxc8 Bc5 {[%emt 0:04:14] [#]} 24. Bxc3 {[%emt 0:03:52][%cal Bb2c3,Bc3d4,Bd4e5][%mdl 32] White is clearly winning.} Bxd4 25. Bxd4 Qb8 (25... Qxc1 $142 26. Rxc1 Rxc8) 26. Bxb7 Qxb7 27. e6 f5 28. Be5 {[%emt 0:02:07] Weighted Error Value: White=0.10 (very precise) /Black=0.68} 1-0

[Event "US Masters 2022"]
[Site "Charlotte"]
[Date "2022.11.27"]
[Round "8.6"]
[White "Hambleton, Aman"]
[Black "Arias Santana, Mauricio"]
[Result "1/2-1/2"]
[ECO "D00"]
[WhiteElo "2437"]
[BlackElo "2317"]
[Annotator "TA"]
[PlyCount "158"]
[EventDate "2022.11.23"]
[EventType "swiss"]
[EventCountry "USA"]
[SourceTitle "playchess.com"]
[Source "ChessBase"]
[SourceQuality "1"]
[TimeControl "5400+30"]

1. d4 Nf6 2. Bf4 d5 3. e3 c5 4. c3 Nc6 5. Nd2 cxd4 6. exd4 {[%emt 0:00:16] D00: 1 d4 d5: Unusual lines.} Bf5 {[%emt 0:00:20] Prevents Bd3.} 7. Qb3 Qc8 8. Ngf3 e6 9. Nh4 Be4 10. Nxe4 Nxe4 11. Nf3 {[%emt 0:01:18] Against g5} Bd6 12. Bxd6 Nxd6 13. Bd3 Qc7 14. O-O O-O 15. a4 {[%emt 0:09:51] [#]} Rfc8 $146 ({Predecessor:} 15... a6 16. Qc2 h6 17. Qe2 Rab8 18. b4 Rbc8 19. a5 Na7 20. Rac1 Nab5 21. Ne5 Nxd4 {0-1 (48) Gorovets,A (2493)-Wang,Y (2684) Chess.com INT 2019}) 16. Rfe1 h6 17. Qd1 a6 18. Qe2 Rab8 19. g4 Qe7 {[%emt 0:09:46] Prevents g5.} 20. h4 g6 21. Qe3 Kg7 22. Kg2 Rd8 23. g5 (23. Ne5 {seems wilder.} Qxh4 24. Rh1 Qg5 25. f4) 23... h5 $1 24. Ne5 Nxe5 (24... Rbc8 $11) 25. Qxe5+ $14 Kg8 26. Qxd5 Nf5 27. Qe4 Qc7 $1 {[%emt 0:08:35] Prevents Qf4.} 28. Kh3 b5 29. axb5 axb5 30. Qe5 Qc6 ({Better is} 30... Qd7 $14) 31. Be4 $16 {[%emt 0:00:12] Active counter play!} Qd7 {[%emt 0:09:04] [#]} 32. Bxf5 (32. d5 $1 $16 ) 32... exf5 $11 33. Kg3 (33. Qe2 $14 {might be stronger.}) 33... b4 {[%emt 0:02:25] The position is equal.} 34. Rad1 bxc3 35. bxc3 Rbc8 36. d5 Rc5 37. f3 Rxd5 38. Rxd5 Qxd5 39. Qxd5 Rxd5 {[%emt 0:00:02][%mdl 4096] Endgame KR-KR} 40. Re8+ Kg7 41. Rc8 Rd2 42. Kf4 Rh2 43. Kg3 Rc2 44. c4 Rc1 45. Kf4 Rh1 46. Kg3 Rg1+ 47. Kf4 Rh1 48. Kg3 Rg1+ 49. Kh2 Rc1 50. c5 f4 51. c6 Rc2+ 52. Kg1 Re2 53. Kf1 Re3 54. Kf2 Re6 55. Kg2 (55. Rc7 $5 Kf8 $8 56. Kg2 $11) 55... Re2+ 56. Kg1 Re3 (56... Rc2 $2 57. c7 $18) 57. Kf2 Re6 58. c7 Rc6 59. Ke2 Rc3 60. Kd2 Rc4 61. Kd3 Rc1 62. Kd4 Rc2 63. Ke5 Rc1 64. Kxf4 Rc4+ 65. Ke5 Rc1 66. f4 Re1+ 67. Kd4 Rc1 68. Ke3 Rc6 69. Kd4 Rc1 70. f5 gxf5 71. Ke5 Re1+ 72. Kxf5 (72. Kd6 $5 Rd1+ $8 73. Ke7 Re1+ 74. Kd6 Rd1+ 75. Ke5 $11) 72... Rc1 73. Ke5 Re1+ 74. Kd6 {[%emt 0:00:08] [#] Threatening mate with Ra8.} Rd1+ 75. Ke7 Re1+ 76. Kd8 {[%emt 0:00:08] White wants to mate with Ra8.} Rd1+ 77. Ke8 {[%emt 0:00:06] Rd8 would kill now.} Re1+ 78. Kd8 {[%emt 0:00:06] Intending Rb8 and mate.} Rd1+ 79. Ke8 {[%emt 0:00:06] White threatens Rb8 and mate.} Re1+ {[%emt 0:00:06] Weighted Error Value: White=0.06 (flawless) /Black=0.06 (flawless)} 1/2-1/2

[Event "US Masters 2022"]
[Site "Charlotte"]
[Date "2022.11.27"]
[Round "8.7"]
[White "Budisavljevic, Luka"]
[Black "Liang, Awonder"]
[Result "0-1"]
[ECO "D27"]
[WhiteElo "2505"]
[BlackElo "2630"]
[Annotator "TA"]
[PlyCount "116"]
[EventDate "2022.11.23"]
[EventType "swiss"]
[EventCountry "USA"]
[SourceTitle "playchess.com"]
[Source "ChessBase"]
[SourceQuality "1"]
[TimeControl "5400+30"]

1. d4 d5 2. c4 dxc4 3. Nf3 Nf6 4. e3 e6 5. Bxc4 a6 6. O-O c5 7. dxc5 Bxc5 8. Qxd8+ Kxd8 9. Rd1+ Ke7 10. b3 Rd8 $5 {[%emt 0:03:52][%mdl 4] An interesting side line. D27: Queen's Gambit Accepted: Classical main line: 7 e4!? and 7 a4.} 11. Rxd8 Kxd8 12. Bb2 {[%emt 0:02:16] [#]} Nbd7 $146 {[%emt 0:01:29] The position is equal.} ({Predecessor:} 12... Ke7 13. Nc3 Nbd7 14. Kf1 b5 15. Bd3 Bb7 16. Ke2 g6 17. g3 Rc8 18. Nd2 Bb4 {½-½ (50) Baenziger,F (1952)-Raetsky,A (2405) Leukerbad 2015}) 13. Nbd2 b6 14. Ng5 Ke8 15. Be2 Bb7 16. Bf3 Bxf3 17. Ngxf3 Bf8 18. Kf1 Nd5 19. a4 Rc8 20. Rc1 Rxc1+ 21. Bxc1 Bb4 22. Bb2 f6 23. Nb1 (23. Ne4 $11) 23... Nc5 $15 24. Nfd2 e5 25. Ke2 Kd7 26. Ba1 Kc6 {[%emt 0:02:56] Black is much more active.} 27. Bb2 (27. g3 $15) 27... h5 ({Black should play} 27... Bxd2 $17 28. Nxd2 b5 29. axb5+ axb5) 28. g3 b5 29. e4 (29. axb5+ $1 $15 axb5 30. f4) 29... Nc7 30. axb5+ Nxb5 31. Ke3 {[%emt 0:00:48] Inhibits Nd4.} Ne6 32. f3 Bc5+ 33. Ke2 Bg1 34. h4 Kc5 35. Nc3 Bd4 36. Kd3 g5 (36... Bf2 $142 37. Ne2 Kb4) 37. b4+ {[%emt 0:01:15] [#]} (37. Na4+ $142 Kb4 38. Bxd4 Nbxd4 39. Nb6) 37... Kc6 $1 $17 {[%emt 0:01:21] ...gxh4 is the strong threat.} (37... Kxb4 38. Nd5+ Kc5 39. Nb3+ Kd6 40. Nxd4 Nbxd4 41. Nxf6 gxh4 42. gxh4 $15) 38. Nxb5 $2 (38. hxg5 fxg5 39. Nd1) 38... Kxb5 $19 (38... Bxb2 39. Nc3 $15) 39. Bxd4 exd4 40. hxg5 fxg5 {[%emt 0:00:01][%cal Oh5h4][%mdl 4096] Endgame And now ...h4! would win. KN-KN} 41. f4 gxf4 (41... Kxb4 42. f5 Nc5+ 43. Kxd4 $11) 42. gxf4 Nxf4+ ({Worse is} 42... Kxb4 43. f5 Nd8 44. e5 $11 (44. Kxd4 a5 $11)) 43. Kxd4 h4 44. Kc3 h3 45. Nf1 Ng6 46. Nh2 Ne5 47. Kb3 Nc6 48. Nf3 Nxb4 49. e5 Nc6 50. e6 Kc5 51. Kc3 Kd6 52. Kb2 Ne5 ({Not} 52... Kxe6 53. Ng5+ Kf6 54. Nxh3 $11) 53. Nh2 Kxe6 54. Kc3 {[%emt 0:00:14] Black mates.} Kf5 55. Kd2 a5 56. Ke2 a4 57. Nf1 a3 58. Kf2 Ng4+ {[%emt 0:00:14] Weighted Error Value: White=0.44/Black=0.03 (flawless)} 0-1

[Event "US Masters 2022"]
[Site "Charlotte"]
[Date "2022.11.27"]
[Round "8.8"]
[White "Antipov, Mikhail Al."]
[Black "Macovei, Andrei"]
[Result "1-0"]
[ECO "B30"]
[WhiteElo "2608"]
[BlackElo "2482"]
[Annotator "TA"]
[PlyCount "71"]
[EventDate "2022.11.23"]
[EventType "swiss"]
[EventCountry "USA"]
[SourceTitle "playchess.com"]
[Source "ChessBase"]
[SourceQuality "1"]
[TimeControl "5400+30"]

1. e4 c5 2. Nf3 Nc6 3. Bb5 e5 4. O-O Bd6 5. b4 {[%emt 0:03:36] [#]} Nf6 $146 (5... Nxb4 $5 6. d3 Nf6 $11) ({Predecessor:} 5... cxb4 6. a3 bxa3 7. d4 exd4 8. c3 Nge7 9. cxd4 O-O 10. e5 Bb8 11. Bxa3 d5 {½-½ (34) Radovic,J (2430)-Miljkovic,M (2483) Subotica 2019}) 6. bxc5 {[%emt 0:06:26] B30: Sicilian: 2...Nc6 3 Bb5, lines without ...g6.} Bxc5 7. c3 {[%emt 0:00:03] next d4 is good for White.} Be7 8. d4 {[%emt 0:02:34] White is slightly better.} a6 9. Ba4 (9. Bxc6 {simplifies} dxc6 10. Nbd2 exd4 11. cxd4 O-O 12. Qc2) 9... b5 {[%emt 0:04:13] Inhibits d5.} 10. dxe5 (10. Bc2 $5 ) 10... Nxe4 11. Bb3 Nc5 12. Bd5 Bb7 13. Nbd2 d6 14. Nb3 {[%emt 0:03:30] aiming for Re1.} O-O (14... dxe5 $2 {[#]} 15. Ng5 $1 Rf8 16. Qf3 $18) (14... Nxe5 $14 15. Nxc5 Nxf3+ 16. Bxf3 Bxf3 17. Qxf3 dxc5) 15. Bf4 $2 {[%emt 0:14:25] White is more active.} (15. Ba3 $16 {And now exd6 would win.} Nd7 16. exd6 (16. Bxd6 Rc8 $16)) 15... dxe5 (15... Nxe5 {simplifies} 16. Bxb7 Nxb7 17. Nxe5 dxe5 18. Bxe5 Qxd1 19. Rfxd1 Rfd8) 16. Nxc5 Bxc5 17. Nxe5 Nxe5 18. Bxb7 Ra7 19. Be4 {[%emt 0:06:32][%cal Bb7e4,Be4c2,Bc2b3][%mdl 32] Inhibits Nd3. This pair of bishops is nice.} (19. Qxd8 {simplifies} Rxd8 20. Be4 Ng6 21. Bxg6 hxg6 22. a4) 19... Ng6 20. Qh5 Qb6 21. a4 {[%emt 0:03:22] [#] Hoping for a5.} Re7 22. a5 Qa7 23. Bc2 $40 {[%emt 0:00:45][%cal Oa1d1][%mdl 128] White is up to no good.} Rfe8 24. Bg3 Re6 25. Kh1 Re2 (25... Bd6 $11) 26. Bb3 $14 Bxf2 $2 {[%emt 0:04:31][%mdl 8192] This costs Black the game.} (26... Rb2 $11 {and Black stays safe.} 27. Bd5 Rf8) 27. Qf3 $18 Bxg3 28. Qxf7+ Qxf7 29. Bxf7+ Kh8 {[%emt 0:00:56] Strongly threatening ...Bc7.} 30. Bxe8 ({Inferior is} 30. hxg3 Rc8 $11) 30... Rxe8 31. hxg3 {[%emt 0:00:04] KRR-KRN. White is clearly winning.} Rc8 32. Rae1 {[%emt 0:00:06] Prevents Ne5.} h5 33. Re6 Kh7 34. Rf5 Kh6 35. Rxa6 Rxc3 36. Rxb5 {[%emt 0:00:04] Weighted Error Value: White=0.26 (precise) /Black=0.51} 1-0

[Event "US Masters 2022"]
[Site "Charlotte"]
[Date "2022.11.27"]
[Round "8.9"]
[White "Burke, John M"]
[Black "Rahul Srivatshav P"]
[Result "1/2-1/2"]
[ECO "B45"]
[WhiteElo "2580"]
[BlackElo "2498"]
[Annotator "TA"]
[PlyCount "68"]
[EventDate "2022.11.23"]
[EventType "swiss"]
[EventCountry "USA"]
[SourceTitle "playchess.com"]
[Source "ChessBase"]
[SourceQuality "1"]
[TimeControl "5400+30"]

1. e4 c5 2. Nf3 e6 3. d4 cxd4 4. Nxd4 Nc6 5. Nc3 Nf6 6. Nxc6 bxc6 7. e5 Nd5 8. Ne4 Qc7 9. f4 Qb6 10. a3 {[%emt 0:00:42] Against Qb4+. B45: Sicilian Four Knights.} (10. c4 {feels hotter.} Bb4+ 11. Ke2 f5 12. exf6 Nxf6 13. Be3) 10... a5 11. c4 Ne3 12. Qd3 {[%emt 0:00:05] The position is equal.} Nxf1 13. Rxf1 Ba6 14. b3 Rb8 15. Rb1 Be7 $1 {[%emt 0:03:52] [#]} 16. Qc3 $146 (16. Ke2 $11) ({Predecessor:} 16. Bd2 f5 17. exf6 gxf6 18. Bc3 Rf8 19. Nd6+ Bxd6 20. Qxd6 Qe3+ 21. Kd1 Bxc4 22. Qxb8+ {0-1 (30) Shubin,K (2486)-Zemlyanskii,I (2240) Cheliabinsk 2022}) 16... c5 $15 17. Rb2 Qc6 18. Nd6+ Bxd6 19. exd6 O-O 20. Qxa5 Qxd6 21. Qc3 Qc6 22. Kf2 d5 23. Rd1 d4 24. Qf3 Qd6 25. b4 (25. Re1 $142) 25... Bxc4 $17 26. Qe4 Rbd8 27. bxc5 Qxc5 28. Rb4 Rd7 29. Bb2 Rfd8 30. Qe5 {[%emt 0:01:18] Against f6} Bd5 31. Rbxd4 (31. Rc1 $142 Qa5 32. Rxd4) 31... f6 ({Better is} 31... Rb7 32. Qe2 h6) 32. Qe3 Rb8 33. Rb4 Qxe3+ 34. Kxe3 Rxb4 {[%emt 0:03:23] Weighted Error Value: White=0.12 (very precise) /Black=0.08 (flawless)} 1/2-1/2

[Event "US Masters 2022"]
[Site "Charlotte"]
[Date "2022.11.27"]
[Round "8.10"]
[White "Gazik, Viktor"]
[Black "Chandra, Akshat"]
[Result "1/2-1/2"]
[ECO "C47"]
[WhiteElo "2564"]
[BlackElo "2472"]
[Annotator "TA"]
[PlyCount "61"]
[EventDate "2022.11.23"]
[EventType "swiss"]
[EventCountry "USA"]
[SourceTitle "playchess.com"]
[Source "ChessBase"]
[SourceQuality "1"]
[TimeControl "5400+30"]

1. e4 e5 2. Nf3 Nc6 3. Nc3 Nf6 4. d4 exd4 5. Nxd4 Bb4 6. Nxc6 bxc6 7. Bd3 d5 8. Bd2 O-O 9. O-O {[%emt 0:04:51] The position is equal.} Bxc3 {[%emt 0:02:07] C47: Scotch Four Knights and Four Knights with 4 g3.} 10. Bxc3 dxe4 $1 {[%emt 0:00:06][%mdl 4] now scores much better than the old 10...Nxe4.} 11. Bxf6 {[%emt 0:12:52][%mdl 64] [#] Remove Defender} (11. Bc4 {is more complex.} Bf5 12. Re1 Qd6 13. Qd4) 11... Qxf6 12. Bxe4 Qxb2 13. Bxc6 Rb8 14. Rb1 Qxb1 15. Qxb1 Rxb1 16. Rxb1 $11 {[%emt 0:00:03][%mdl 4096] Endgame KRB-KRB} Rd8 17. Bf3 Kf8 18. Rb8 Re8 {[%emt 0:02:37][%cal Re8e1] [#]} 19. h3 Ba6 {[%emt 0:00:37] [#]} 20. Rb3 $146 ({Predecessor:} 20. Rb4 Re5 21. Ra4 Be2 22. Ba8 a5 23. g4 Rc5 24. Be4 Bd1 25. Kg2 g6 26. Ra3 Bxc2 27. Bxc2 Rxc2 28. Rxa5 {½-½ (58) Andreikin,D (2724)-Csonka,B (2474) Chess.com INT 2022}) 20... Be2 21. Bd5 Rd8 22. Be4 Bc4 23. Rc3 Rd1+ 24. Kh2 Rd4 25. f3 ({But not} 25. Bxh7 g6 26. Ra3 Bd5 27. Bxg6 (27. Rxa7 $2 Rc4 $19) 27... fxg6 $19) 25... Bd5 26. Bxd5 ({Reject} 26. Bxh7 g6 27. Rxc7 Ra4 $17) 26... Rxd5 27. Rxc7 Ra5 28. Kg3 Rxa2 29. Kf4 a5 30. g4 a4 31. Ra7 {[%emt 0:17:41] An even fight not without its subleties.   Weighted Error Value: White=0.01 (flawless) /Black=0.00 (flawless)} 1/2-1/2

[Event "US Masters 2022"]
[Site "Charlotte"]
[Date "2022.11.27"]
[Round "8.11"]
[White "Schitco, Ivan"]
[Black "Escalante Ramirez, Brian Sebasti"]
[Result "1-0"]
[ECO "A13"]
[WhiteElo "2532"]
[BlackElo "2468"]
[Annotator "TA"]
[PlyCount "73"]
[EventDate "2022.11.23"]
[EventType "swiss"]
[EventCountry "USA"]
[SourceTitle "playchess.com"]
[Source "ChessBase"]
[SourceQuality "1"]
[TimeControl "5400+30"]

1. c4 e6 2. g3 Nf6 3. Bg2 d5 4. Nf3 Nbd7 5. b3 dxc4 6. bxc4 e5 7. Bb2 Bd6 8. Nc3 c6 9. O-O O-O 10. Qc2 {[%emt 0:01:07] A13: English Opening: 1...e6.} Re8 11. e3 Qa5 12. d4 {[%emt 0:08:22] White is slightly better.} exd4 13. exd4 Nf8 {[%emt 0:00:02] [#]} 14. d5 $146 (14. c5 $5 Bc7 15. Nd2 $14) ({Predecessor:} 14. c5 Be7 15. Rfe1 h6 16. Rab1 Be6 17. Bc1 Bc8 18. Ne5 Qc7 19. Bf4 Ne6 20. Nxc6 Nxf4 21. Nxe7+ Rxe7 22. Rxe7 Qxe7 23. gxf4 {1-0 (28) Aponte Castillo,J (2057)-Cardozo,S (1826) La Dorada 2016}) 14... Qb4 (14... cxd5 $11 15. Nxd5 Nxd5 16. cxd5 Bd7) 15. dxc6 Qxc4 (15... bxc6 $16 {is a better defense.} 16. Na4 Bd7) 16. Nd2 $1 $18 Qa6 17. Nce4 Nxe4 18. Nxe4 (18. Bxe4 $6 bxc6 19. Qxc6 Rxe4 20. Qxe4 Rb8 $16) 18... Be7 19. Nc5 Bxc5 20. Qxc5 b6 $2 (20... bxc6 21. Qxc6 Qxc6 22. Bxc6 Bd7) 21. Qg5 Ng6 22. Rfe1 Be6 23. Qd2 Nf8 (23... Rac8 $142 24. c7 b5) 24. Re3 {[%emt 0:05:13] Strongly threatening Qc3.} Rac8 25. Qd4 f6 26. Ra3 Qe2 27. Rxa7 (27. Bf3 $142 Qb5 28. Rxa7) 27... Rcd8 {[%emt 0:01:16] [#]} 28. Rxg7+ $3 $40 {[%emt 0:06:22][%mdl 640] White goes for the king.} Kh8 29. Bf1 (29. Qxf6 Rd1+ 30. Rxd1 Qxd1+ 31. Bf1 Qxf1+ $3 32. Kxf1 Bh3+ 33. Kg1 Re1#) 29... Qxf1+ 30. Rxf1 {[%emt 0:00:04] The board is on fire.} Rxd4 31. Rb7 Rg4 32. Re1 {[%emt 0:01:15] White has more active pieces.} ({Don't take} 32. Bxf6+ Kg8 $14) (32. Rxb6 $6 Rc4 $11) (32. f3 $16 Rg6 33. Re1 (33. Rxb6 Kg8 $14)) 32... Rc8 (32... Kg8 $1 $14) 33. Bxf6+ (33. f3 $16 Rg6 34. c7) 33... Kg8 $11 34. c7 Rg6 $2 {[%emt 0:03:30][%mdl 8192] [#]} (34... Kf7 $11) 35. Rxe6 $1 $18 Kf7 $2 (35... Nxe6 $2 36. Rb8 Nxc7 37. Rxc8+ Kf7 38. Rxc7+ $18) (35... Rxc7 36. Rxc7 (36. Rb8 Rf7 $11) 36... Nxe6) 36. Rd6 {[%emt 0:00:20] Rd8 is the strong threat.} Rxf6 37. Rd8 {[%emt 0:00:06] Weighted Error Value: White=0.48/Black=0.64} ({Inferior is} 37. Rbxb6 Rxd6 38. Rxd6 Rxc7 $11) 1-0

[Event "US Masters 2022"]
[Site "Charlotte"]
[Date "2022.11.27"]
[Round "8.12"]
[White "Korley, Kassa"]
[Black "Druska, Juraj"]
[Result "1-0"]
[ECO "D05"]
[WhiteElo "2451"]
[BlackElo "2511"]
[Annotator "TA"]
[PlyCount "99"]
[EventDate "2022.11.23"]
[EventType "swiss"]
[EventCountry "USA"]
[SourceTitle "playchess.com"]
[Source "ChessBase"]
[SourceQuality "1"]
[TimeControl "5400+30"]

1. Nf3 e6 2. b3 d5 3. Bb2 c5 4. e3 Nc6 5. Be2 Nf6 6. O-O Be7 7. d4 cxd4 8. Nxd4 O-O 9. Nd2 Nxd4 {[%emt 0:09:51] D05: Colle System with ...e6.} 10. Bxd4 {[%emt 0:00:05] [#]} Ba3 $146 ({Predecessor:} 10... b6 11. c4 dxc4 12. Nxc4 Bb7 13. Bf3 Bxf3 14. Qxf3 Qd5 15. Qxd5 Nxd5 16. Rfd1 Rfd8 {1-0 (84) Sundui,C (1733)-Pimenov,D (1620) Playchess.com INT 2020}) 11. c4 Qe7 {[%emt 0:03:06] The position is equal.} (11... Re8 $5 ) 12. cxd5 exd5 (12... e5 13. Bxe5 $1 Nxd5 14. Nc4 $16) 13. Nb1 {[%emt 0:10:15][%cal Bd2b1,Bb1c3,Bc3b5][%mdl 32] Strongly threatening Nxa3.} Bd6 14. Nc3 Rd8 15. Bf3 (15. Rc1 {is interesting.} Ne4 16. Nb5 Bb8 17. Bd3) 15... Be6 16. Nb5 Bb8 17. Rc1 a6 18. Bc5 {[%emt 0:03:57] White is more active.} Qd7 19. Nd4 Be5 20. Nxe6 fxe6 21. Bd4 {[%emt 0:03:28] This pair of bishops is nice.} Qd6 22. Bxe5 Qxe5 23. Qc2 Rd7 24. Rfd1 Rf8 25. h3 Rdf7 (25... g6 {simplifies} 26. Qc3 Qxc3 27. Rxc3 Rff7) 26. Rd2 Nd7 (26... g6 {simplifies} 27. Qd3 Rc7 28. Rxc7 Qxc7 29. Rc2 Qd6) 27. Qc7 (27. Qc3 {simplifies} Qxc3 28. Rxc3 Nf6 29. g3) 27... Qf6 {[%emt 0:08:44] Hoping for ...Ne5.} 28. Qg3 Ne5 29. Bh5 g6 30. f4 (30. h4 {seems wilder.} Kh8 31. Bd1 Nc6 32. Qg5) 30... Nc6 31. Bf3 Qe7 32. h4 Qb4 33. Qe1 Ne7 34. Rdc2 Qb6 35. Rc5 Nf5 36. Bg4 d4 37. exd4 Nxd4 38. g3 h5 39. Qe4 Nf5 40. Bh3 Rd8 41. Kh2 Rd2+ 42. Bg2 Rxa2 (42... Rfd7 $11 {keeps the balance.}) 43. Rc8+ $16 Kh7 $2 {[%emt 0:00:02][%mdl 8192] This costs Black the game.} (43... Rf8 $14) 44. Qe5 $18 Ng7 {[%emt 0:01:40] [#]} 45. Qb8 $1 g5 46. Rh8+ Kg6 47. hxg5 ({Inferior is} 47. fxg5 Rxg2+ 48. Kxg2 Qf2+ 49. Kh1 Qf3+ 50. Kh2 Qf2+ 51. Kh3 Qf5+ 52. Kh2 Qf2+ 53. Kh3 Qf5+ 54. Kh2 Qf2+ $11) 47... Qf2 {[%emt 0:02:25] [#]} 48. Rg1 $1 {[%emt 0:00:13] Threatening mate with Qg8.} ({But not} 48. Rh6+ $2 Kf5 49. Rg1 Kg4 $19) 48... Re2 49. Qg8 Kf5 50. Kh3 {[%emt 0:00:41] Weighted Error Value: White=0.08 (flawless) /Black=0.29 (precise)} 1-0